 Dungeon Crawl Stone Soup version 0.17-a0-2069-g0f4ee5b (webtiles) character file.

28 4thArraOfDagon the Insei (level 3, -3/19 HPs)
             Began as a Vine Stalker Monk on Oct 13, 2015.
             Slain by a gnoll
             ... wielding a +0 halberd of flaming
              (8 damage)
             ... on level 5 of the Dungeon.
             The game lasted 00:03:43 (813 turns).

4thArraOfDagon the Insei (Vine Stalker Monk)         Turns: 813, Time: 00:03:43

Health: -3/19      AC:  6    Str: 13    XL:     3   Next: 14%
Magic:  0/4        EV:  8    Int: 16    God:
Gold:   87         SH:  7    Dex: 16    Spells: 0 memorised, 2 levels left

rFire  . . .     SeeInvis .       - Unarmed
rCold  . . .     Clarity  .     h - +1 ring mail
rNeg   . . .     SustAt   .     g - +0 shield
rPois  .         Gourm    .     (no helmet)
rElec  .         Spirit   +     (no cloak)
rCorr  .         Warding  .     (no gloves)
rMut   .         Stasis   .     (no boots)
MR     .....                    (no amulet)
Stlth  +.........               (no ring)
                                (no ring)

@: brilliant, very slightly contaminated, hasted, drained, very quick, not
resistant to hostile enchantments, very unstealthy
A: fangs 2, regeneration 1, magic shield, antimagic bite, no device heal 3, rot
immunity
a: no special abilities


You were on level 5 of the Dungeon.
You were not hungry.

You visited 1 branch of the dungeon, and saw 5 of its levels.

You collected 87 gold pieces.

Inventory:

Missiles
 c - 5 poisoned javelins
 d - 4 javelins (quivered)
Armour
 a - a +0 robe
 g - a +0 shield (worn)
 h - a +1 ring mail (worn)
Jewellery
 f - an uncursed amulet of stasis
Wands
 m - a wand of confusion (4)
Comestibles
 b - a bread ration


   Skills:
 + Level 2.8(2.6) Fighting
 + Level 2.7(2.6) Dodging
 - Level 2.4(2.2) Stealth
 * Level 0.5(0.3) Shields
 * Level 4.4(4.2) Unarmed Combat


You had 2 spell levels left.
You didn't know any spells.

Dungeon Overview and Level Annotations

Branches:
Dungeon (5/15)
 Temple: D:4-7

Altars:
Xom

Annotations:
D:4 asdu's ghost, amateur MfAs


Innate Abilities, Weirdness & Mutations

You have extremely sharp teeth.
Your natural rate of healing is unusually fast.
When hurt, damage is shared between your health and your magic reserves.
Your bite disrupts and absorbs the magic of your enemies.
Potions and wands cannot restore your health.
You are immune to rotting.


Message History

The hound is lightly wounded.
The hound bites you.
Unknown command.
Your shield and ring mail prevent you from hitting the hound.
You bite the hound. You drain its power.
You feel invigorated.
The hound is moderately wounded.
You block the hound's attack.
Unknown command.
You hit the hound.
The hound is moderately wounded.
The hound bites you but does no damage.
Unknown command.
You hit the hound.
The hound is severely wounded.
The hound bites you.
* * * LOW HITPOINT WARNING * * *
Unknown command.
Unknown command.
The gnoll hits you from afar with a halberd of flaming!
You die...

*******,** ##### *,*
*#... *,* #### *,* *,*
***** *,* ####*****
,,,,* ***,* #..,,,,,*
,,,,* *,..#*** #.#****,*
***,* *,#....###@#####,*
***,***,.......h..g..#,*
#####
,,,,,,,,...#####.###.#,#
##...# ***,*****,** #o#
#.#.# #..... ***,* *,*
#{###.#.# #....g ,,,,*
*,* #gg.....# #.....
,,,,* **+** #####g###
##..g# ***** **,,,**
#......g# ##.## **
**,,,,,** #.###O#.#
#.g.#


You could see a gnoll shaman, a hound, an orc priest (confused) and 2 gnolls.

Vanquished Creatures
  3 worms
  An orc (D:3)
  3 giant cockroaches
  2 hobgoblins
  A quokka (D:2)
  A bat (D:3)
  A giant gecko (D:3)
  A giant newt (D:3)
  A goblin (D:2)
  2 kobolds
  4 rats
20 creatures vanquished.

Notes
Turn   | Place    | Note
--------------------------------------------------------------
     0 | D:1      | 4thArraOfDagon the Vine Stalker Monk began the quest for the Orb.
     0 | D:1      | Reached XP level 1. HP: 11/11 MP: 2/2
   361 | D:2      | Reached XP level 2. HP: 14/16 MP: 3/3
   523 | D:3      | Reached XP level 3. HP: 19/19 MP: 4/4
   548 | D:4      | Noticed an orc warrior
   592 | D:4      | Noticed a scorpion
   624 | D:4      | Noticed asdu's ghost (amateur MfAs)
   649 | D:5      | Entered Level 5 of the Dungeon
   654 | D:5      | :(
   669 | D:5      | Noticed an ice beast
   697 | D:5      | Found a shimmering altar of Xom.
   724 | D:5      | Noticed a scorpion
   736 | D:5      | :(
   787 | D:5      | Noticed an ogre
   788 | D:5      | :(
   813 | D:5      | Slain by a gnoll

Vault maps used:
D:1:      lemuel_arrival_lava_pool
D:2:      gammafunk_temple_overflow_claw, uniq_jessica
D:3:      first_bread, uniq_grinder, uniq_robin
D:4:      cheibrodos_ashenzari_chains, serial_shops, shop
D:5:      nicolae_overflow_hidden_temple

Action                   || total
-------------------------++-------
Melee: Unarmed           ||    78
Evoke: Wand              ||     1
  Use: Scroll            ||     7
       Potion            ||     2
 Stab: Sleeping          ||     1
